[Event "Titled Tuesday Blitz June 6 Late 2023"]
[White "Shapiro, Viktor"]
[Black "Kostiukov, Alexandr"]
[WhiteFideId "4175700"]
[BlackFideId "14108100"]
[WhiteElo "2212"]
[BlackElo "2202"]
[Result "1-0"]
[Round "11"]
[TimeControl "180+2"]
[Date "2023.06.07"]
[WhiteClock "0:00:13"]
[BlackClock "0:00:04"]
[Board "80"]

1. c4 g6 2. Nc3 Bg7 3. Nf3 d6 4. d4 e5 5. Bg5 f6 6. Bh4 Qe7 7. e3 Nh6 8. dxe5 dxe5 9. Nd5 Qf7 10. Qa4+ Nc6 11. O-O-O O-O 12. e4 Be6 13. Bd3 Rfd8 14. Rd2 Kh8 15. Rhd1 Ng8 16. b4 Bh6 17. b5 Nd4 18. Nxd4 exd4 19. Kc2 Bxd2 20. Rxd2 c6 21. bxc6 bxc6 22. Nf4 Bd7 23. Bg3 c5 24. Qa5 Rdc8 25. Nd5 Be6 26. Bd6 Bxd5 27. exd5 Ne7 28. Re2 Nxd5 29. cxd5 c4 30. Be4 d3+ 31. Bxd3 cxd3+ 32. Kxd3 Rd8 33. Re7 Qg8 34. Re6 Qf7 35. Re7 Qg8 36. Re6 Qg7 37. Be7 Rf8 38. d6 Rf7 39. Qd5 h5 40. Qxa8+ Kh7 41. Qd5 g5 42. d7 Rxe7 43. d8=Q Qg6+ 44. Kd2 Rg7 45. Q8d6 1-0


[Site "https://www.chess.com"]

[Event "Titled Tuesday Blitz June 6 Late 2023"]
[White "Omariev, Maksim"]
[Black "Simonovic, Miroslav"]
[WhiteFideId "4193423"]
[BlackFideId "919152"]
[WhiteElo "2405"]
[BlackElo "2075"]
[Result "0-1"]
[Round "11"]
[TimeControl "180+2"]
[Date "2023.06.07"]
[WhiteClock "0:00:02"]
[BlackClock "0:00:32"]
[Board "81"]

1. e4 c5 2. Nf3 Nc6 3. d4 cxd4 4. Nxd4 g6 5. Nd2 Bg7 6. N2b3 Nxd4 7. Nxd4 d6 8. Be3 Nf6 9. f3 O-O 10. Qd2 Re8 11. O-O-O Bd7 12. Kb1 Rc8 13. g4 Qc7 14. h4 h5 15. g5 Nh7 16. Nb5 Bxb5 17. Bxb5 Red8 18. f4 a6 19. Be2 Nf8 20. c3 Ne6 21. Rhe1 Nc5 22. Bf3 Na4 23. Rc1 Qa5 24. Qd5 b5 25. f5 Nb6 26. Qb3 Nc4 27. Bf4 Kh7 28. Be2 Be5 29. Bxe5 Nd2+ 30. Kc2 Nxb3 31. fxg6+ fxg6 32. axb3 dxe5 33. Rcd1 Rxd1 34. Rxd1 Rd8 35. Bd3 Qb6 36. Rf1 Kg7 37. Be2 Rf8 38. Bf3 Rf4 39. Be2 Rxf1 0-1


[Site "https://www.chess.com"]

[Event "Titled Tuesday Blitz June 6 Late 2023"]
[White "Romero Ruscalleda, Josep"]
[Black "Eggleston, Thomas A"]
[WhiteFideId "2231859"]
[BlackFideId "412139"]
[WhiteElo "2183"]
[BlackElo "2155"]
[Result "0-1"]
[Round "11"]
[TimeControl "180+2"]
[Date "2023.06.07"]
[WhiteClock "0:00:01"]
[BlackClock "0:00:02"]
[Board "82"]

1. e4 e6 2. d4 d5 3. e5 c5 4. c3 Nc6 5. Be3 Nh6 6. Nf3 Nf5 7. Bd3 Nxe3 8. fxe3 Be7 9. O-O f6 10. exf6 Bxf6 11. dxc5 Qe7 12. e4 Qxc5+ 13. Kh1 dxe4 14. Bxe4 Bd7 15. Nbd2 O-O-O 16. Qe2 Kb8 17. Nb3 Qh5 18. Rad1 Rhf8 19. Qe3 Ne5 20. Nc5 Bc8 21. Rxd8 Rxd8 22. Qf4 Qg4 23. Qxg4 Nxg4 24. h3 Ne3 25. Re1 Nc4 26. Bxh7 Nxb2 27. Re2 Nc4 28. Nxe6 Re8 29. Bf5 g6 30. Bg4 Bxc3 31. Rc2 Bxe6 32. Bxe6 Rxe6 33. Rxc3 Ne3 34. Nd4 Re7 35. Rc5 b6 36. Rg5 Rg7 37. Ne6 Rg8 38. Re5 Nf5 39. Kh2 Nd6 40. Ng5 Re8 41. Rd5 Kc7 42. Nf3 Re4 43. Rg5 Re6 44. Nd4 Rf6 45. h4 a6 46. g4 b5 47. h5 gxh5 48. gxh5 Ne4 49. Rg6 Rxg6 50. hxg6 Kb6 51. Kg2 Kc5 52. Nb3+ Kb4 53. Kf3 Nf6 54. Kf4 a5 55. Ke5 Nh5 56. Nd4 Ka4 57. Kf5 b4 58. Kg5 Ng7 59. Kf6 Ne8+ 60. Kf7 Nd6+ 61. Ke6 Ne8 62. Nb3 Kb5 63. Ke7 Ng7 64. Kf7 Nh5 65. Nd4+ Kc4 66. Nc6 a4 67. Ne5+ Kc3 68. Nf3 a3 0-1


[Site "https://www.chess.com"]

[Event "Titled Tuesday Blitz June 6 Late 2023"]
[White "Harish, Neeraj"]
[Black "Mazurkiewicz, Michal"]
[WhiteFideId "30958130"]
[BlackFideId "1124943"]
[WhiteElo "1879"]
[BlackElo "2063"]
[Result "0-1"]
[Round "11"]
[TimeControl "180+2"]
[Date "2023.06.07"]
[WhiteClock "0:00:21"]
[BlackClock "0:01:50"]
[Board "83"]

1. e4 d6 2. d4 Nf6 3. Nc3 c6 4. f4 Qb6 5. Nf3 Bg4 6. Be2 e6 7. O-O d5 8. e5 Nfd7 9. Be3 g6 10. Qd2 c5 11. Na4 Qc7 12. dxc5 Bxf3 13. Bxf3 Nxc5 14. Nxc5 Bxc5 15. c4 dxc4 16. Bxc5 Qxc5+ 17. Kh1 Nc6 18. Rfd1 O-O 19. Qd6 Qe3 20. Bxc6 bxc6 21. Qd4 Qxd4 22. Rxd4 Rab8 23. Rd2 Rfd8 24. Rad1 Rxd2 25. Rxd2 c3 26. Rd1 cxb2 27. Rb1 c5 28. Kg1 c4 29. Kf1 c3 0-1


[Site "https://www.chess.com"]

[Event "Titled Tuesday Blitz June 6 Late 2023"]
[White "Gerbelli Neto, Eduardo"]
[Black "Cagara, Paulina"]
[WhiteFideId "2103281"]
[BlackFideId "1124870"]
[WhiteElo "2178"]
[BlackElo "1967"]
[Result "1-0"]
[Round "11"]
[TimeControl "180+2"]
[Date "2023.06.07"]
[WhiteClock "0:01:45"]
[BlackClock "0:01:40"]
[Board "84"]

1. e4 c6 2. d4 d5 3. exd5 cxd5 4. c4 Nf6 5. Nc3 Nc6 6. Nf3 Bg4 7. cxd5 Nxd5 8. Qb3 Bxf3 9. gxf3 e6 10. Qxb7 Nxd4 11. Bb5+ Nxb5 12. Qc6+ Ke7 13. Qxb5 Nxc3 14. bxc3 Rb8 15. Qc5+ Ke8 16. Qxa7 Bd6 17. Qa4+ Qd7 18. Qxd7+ Kxd7 19. Ke2 Be5 20. Bd2 Rb2 21. Rhd1 Rhb8 22. Ke3 g5 23. Bc1+ Ke7 24. Bxb2 Rxb2 25. a4 Bxc3 26. a5 Be5 27. a6 Bf4+ 28. Kd3 Bb8 29. Rdb1 Rxf2 30. Rxb8 Rxf3+ 31. Ke2 1-0


[Site "https://www.chess.com"]

[Event "Titled Tuesday Blitz June 6 Late 2023"]
[White "Srdanovic, Jovana"]
[Black "Francisco_Ferrari"]
[WhiteFideId "954810"]
[WhiteElo "2155"]
[BlackElo "2191"]
[Result "1/2-1/2"]
[Round "11"]
[TimeControl "180+2"]
[Date "2023.06.07"]
[WhiteClock "0:00:38"]
[BlackClock "0:00:07"]
[Board "85"]

1. d4 Nf6 2. c4 e6 3. Nf3 d5 4. Nc3 Nbd7 5. Bg5 Be7 6. e3 O-O 7. Bd3 h6 8. Bh4 b6 9. cxd5 Nxd5 10. Bxe7 Qxe7 11. Nxd5 exd5 12. O-O Nf6 13. h3 Be6 14. Rc1 c5 15. Re1 c4 16. Bb1 b5 17. Ne5 Rfc8 18. f3 b4 19. e4 dxe4 20. fxe4 Nd7 21. Nxd7 Bxd7 22. e5 Bc6 23. d5 Qc5+ 24. Kh1 Qxd5 25. Qg4 Re8 26. Rcd1 Qe6 27. Qg3 Rad8 28. Rxd8 Rxd8 29. Qe3 Rd5 30. Qxa7 Rd2 31. Qb8+ Qe8 32. Qxe8+ Bxe8 33. a3 bxa3 34. bxa3 Bc6 35. Be4 Bxe4 36. Rxe4 c3 37. Rc4 c2 38. Kh2 Re2 39. a4 Rxe5 40. Rxc2 Ra5 41. Rc8+ Kh7 42. Rc7 Rxa4 43. Rxf7 Ra3 44. Rf2 Kg6 45. Rb2 Kh7 46. Rc2 Kg6 47. Rc6+ Kh7 48. Rc2 Kg6 49. Rc6+ Kh7 50. Rc2 1/2-1/2


[Site "https://www.chess.com"]

[Event "Titled Tuesday Blitz June 6 Late 2023"]
[White "MrAnnihilation"]
[Black "campochess"]
[WhiteElo "2386"]
[BlackElo "2174"]
[Result "1-0"]
[Round "11"]
[TimeControl "180+2"]
[Date "2023.06.07"]
[WhiteClock "0:00:19"]
[BlackClock "0:00:01"]
[Board "86"]

1. e4 c5 2. Nf3 Nc6 3. Bb5 e6 4. Bxc6 bxc6 5. d3 d5 6. O-O Nf6 7. e5 Nd7 8. c4 Be7 9. Nc3 O-O 10. b3 f6 11. Bf4 fxe5 12. Bg3 Bf6 13. Rc1 Qa5 14. Qe1 e4 15. Nxe4 Qxe1 16. Nxf6+ Rxf6 17. Rfxe1 Nf8 18. Bd6 a5 19. Bxc5 a4 20. b4 a3 21. Ne5 Ra6 22. Rc3 Ng6 23. Nxg6 Rxg6 24. b5 cxb5 25. cxb5 Ra5 26. Bb4 Ra8 27. Rxa3 Rb8 28. Rc1 Bd7 29. Ra7 Bxb5 30. Bd6 Re8 31. d4 Bc4 32. a4 Rg4 33. f4 g5 34. g3 gxf4 35. Bxf4 Rg7 36. Rxg7+ Kxg7 37. a5 Ra8 38. Ra1 Kg6 39. Kf2 Kf5 40. Ke3 Ba6 41. Rb1 Bc4 42. Bc7 Rc8 43. Bb6 Ba6 44. h3 Rc3+ 45. Kd2 Rxg3 46. Kc2 Ke4 47. Re1+ Re3 48. Rg1 Rxh3 49. Rg4+ Kf3 50. Rg7 Ke4 51. Ra7 Bd3+ 52. Kc3 Bc4+ 53. Kb4 Rb3+ 54. Kc5 Rb5+ 55. Kc6 Rb1 56. a6 Ra1 57. Kb7 h5 58. Ra8 h4 59. a7 h3 60. Rh8 Rxa7+ 61. Bxa7 Bf1 62. Kc6 Kf3 63. Bb8 Ke3 64. Kc5 Bg2 65. Be5 Ke4 66. Kd6 Kf5 67. Rf8+ Ke4 68. Kxe6 h2 69. Bxh2 Kxd4 70. Rf2 Be4 71. Bg1 Kd3 72. Ke5 Kc3 73. Rf4 Kd3 74. Bd4 Bg2 75. Rf8 Be4 76. Rd8 Bg2 77. Rb8 Be4 78. Rb6 Bg2 79. Rb2 Be4 80. Rb3+ Kc4 81. Re3 Bg2 82. Rc3+ Kb4 83. Rg3 Be4 84. Rc3 Bg2 85. Rc5 Bf3 86. Rc7 Be4 87. Kf4 Bg2 88. Ke3 Be4 89. Kd2 Kb5 90. Kc3 Bf3 91. Rc5+ Ka6 92. Be3 1-0


[Site "https://www.chess.com"]

[Event "Titled Tuesday Blitz June 6 Late 2023"]
[White "Araujo Filho, Luiz Antonio Coel"]
[Black "Mikhalsky, Vladimir"]
[WhiteFideId "2130661"]
[BlackFideId "14144352"]
[WhiteElo "2056"]
[BlackElo "2236"]
[Result "0-1"]
[Round "11"]
[TimeControl "180+2"]
[Date "2023.06.07"]
[WhiteClock "0:01:13"]
[BlackClock "0:01:57"]
[Board "87"]

1. d4 Nf6 2. Nf3 g6 3. c4 Bg7 4. Nc3 O-O 5. e4 d6 6. Be2 e5 7. d5 a5 8. O-O Na6 9. h3 Nc5 10. Qc2 h6 11. Be3 Nh5 12. Nd2 Nf4 13. Bxf4 exf4 14. Nf3 Re8 15. Rfe1 g5 16. a3 a4 17. Nd2 Qf6 18. Rab1 Qg6 19. Nb5 Re7 20. Bd3 g4 21. hxg4 Bxg4 22. Nf1 Bh3 23. f3 Nxd3 0-1


[Site "https://www.chess.com"]

[Event "Titled Tuesday Blitz June 6 Late 2023"]
[White "Vaglio Munoz, Jaime"]
[Black "Cluke86"]
[WhiteFideId "6500145"]
[WhiteElo "2199"]
[BlackElo "2155"]
[Result "1-0"]
[Round "11"]
[TimeControl "180+2"]
[Date "2023.06.07"]
[WhiteClock "0:01:27"]
[BlackClock "0:00:18"]
[Board "88"]

1. e4 d6 2. d4 Nf6 3. Nc3 e5 4. f3 Nbd7 5. Be3 c6 6. Qd2 b5 7. d5 cxd5 8. Nxd5 a6 9. Qf2 Nxd5 10. exd5 Bb7 11. O-O-O Qa5 12. Kb1 Rc8 13. b3 Be7 14. Nh3 Bd8 15. Ng5 Bb6 16. Ne4 Ke7 17. f4 Bxe3 18. Qxe3 b4 19. fxe5 Nxe5 20. Qg5+ Kd7 21. Qxg7 Rxc2 22. a4 Rhc8 23. Qf6 Qc7 24. Bc4 Rxc4 25. bxc4 Qxc4 26. Qxd6+ Ke8 27. Nf6# 1-0


[Site "https://www.chess.com"]

[Event "Titled Tuesday Blitz June 6 Late 2023"]
[White "zano2023"]
[Black "sebastianmarinp"]
[WhiteElo "2149"]
[BlackElo "2361"]
[Result "0-1"]
[Round "11"]
[TimeControl "180+2"]
[Date "2023.06.07"]
[WhiteClock "0:00:09"]
[BlackClock "0:00:10"]
[Board "89"]

1. c4 e5 2. Nc3 Nf6 3. g3 c6 4. Bg2 d5 5. cxd5 cxd5 6. e3 Nc6 7. Nge2 Be7 8. d4 e4 9. O-O O-O 10. a3 a6 11. Bd2 b5 12. Rc1 Na5 13. f3 exf3 14. Bxf3 Nc4 15. Nf4 Bb7 16. Nd3 Bd6 17. a4 b4 18. Ne2 a5 19. b3 Nxd2 20. Qxd2 Re8 21. Nc5 Bc8 22. Nf4 Bb8 23. Qg2 Ra7 24. Nxd5 Nxd5 25. Bxd5 Rxe3 26. Rf3 Ree7 27. Rf2 Bd6 28. Rcf1 Bxc5 29. dxc5 Be6 30. Bxe6 Rxe6 31. Rd2 Qc8 32. Qd5 h6 33. Qd8+ Re8 34. Qxc8 Rxc8 35. Rc2 Rc6 36. Rf5 Rac7 37. Kf2 f6 38. Ke3 Kf7 39. Kd4 Rd7+ 40. Kc4 Rd1 41. Kb5 Rc8 42. c6 Ke6 43. Rfc5 Rd3 44. Kxa5 Rxb3 45. R2c4 Kd6 46. Rb5 Rxc6 47. Rxc6+ Kxc6 48. Rxb4 Ra3 49. Rc4+ Kd6 50. Rg4 g5 51. Rd4+ Ke5 52. Rb4 Ra2 53. Rb5+ Ke4 54. Rb4+ Kf3 55. Rb6 Rxh2 56. Rxf6+ Kxg3 57. Kb6 h5 58. a5 Rb2+ 59. Kc5 Ra2 60. a6 h4 61. Kd4 h3 62. Ke4 g4 63. Ke3 h2 64. Rf1 Rxa6 65. Rh1 Re6+ 66. Kd2 Kg2 67. Re1 Rxe1 68. Kxe1 h1=Q+ 69. Ke2 Qf1+ 70. Ke3 Qf3+ 71. Kd4 Kf2 72. Ke5 g3 73. Kd4 g2 74. Ke5 g1=Q 75. Kd4 Qgg4+ 76. Kc5 Qff5+ 77. Kd6 Qgg6+ 78. Kc7 Qg8 79. Kd6 Qgg6+ 80. Kc7 Qff7+ 81. Kd8 Qgg8# 0-1


[Site "https://www.chess.com"]

[Event "Titled Tuesday Blitz June 6 Late 2023"]
[White "Diaz Rosas, Julio Cesar"]
[Black "Wang, Alexander J"]
[WhiteFideId "5105099"]
[BlackFideId "30955270"]
[WhiteElo "2284"]
[BlackElo "2260"]
[Result "1-0"]
[Round "11"]
[TimeControl "180+2"]
[Date "2023.06.07"]
[WhiteClock "0:01:58"]
[BlackClock "0:00:41"]
[Board "90"]

1. e4 c5 2. Nf3 e6 3. g3 Nc6 4. Bg2 d5 5. exd5 exd5 6. O-O Nf6 7. d4 c4 8. Re1+ Be7 9. b3 b5 10. a4 Ba6 11. axb5 Bxb5 12. Nc3 a6 13. Ne5 Na5 14. Nxb5 axb5 15. b4 Nb7 16. Rxa8 Qxa8 17. Nc6 Nd6 18. Nxe7 Nfe4 19. f3 Kxe7 20. fxe4 Nxe4 21. Bxe4 dxe4 22. d5 Qa7+ 23. Be3 Qb7 24. Bc5+ 1-0


[Site "https://www.chess.com"]

[Event "Titled Tuesday Blitz June 6 Late 2023"]
[White "Ozalp, Burak"]
[Black "Ogreberbere"]
[WhiteFideId "6314210"]
[WhiteElo "2106"]
[BlackElo "2183"]
[Result "1-0"]
[Round "11"]
[TimeControl "180+2"]
[Date "2023.06.07"]
[WhiteClock "0:00:20"]
[BlackClock "0:00:10"]
[Board "91"]

1. e4 e6 2. d4 d5 3. exd5 exd5 4. Bd3 Nc6 5. Nf3 Bd6 6. O-O Nge7 7. Nc3 Bg4 8. Nb5 Qd7 9. c4 dxc4 10. Bxc4 Bb4 11. h3 Bh5 12. Bf4 Ba5 13. d5 Nb4 14. d6 a6 15. Ne5 Bxd1 16. Bxf7+ Kf8 17. Nxd7+ Kxf7 18. Rfxd1 axb5 19. dxe7 Kxe7 20. a3 Nc6 21. Nc5 Bb6 22. Rd7+ Ke8 23. Re1+ Kf8 24. Ne6+ Ke8 25. Rxg7 Ne7 26. Bxc7 Nf5 27. Ng5+ Kf8 28. Rf7+ Kg8 29. Bxb6 h6 30. Rxf5 hxg5 31. Re7 Rc8 32. Rxb7 Rc2 33. b4 Rh7 34. Rxg5+ Kh8 35. Bd4+ Rg7 36. Rb8+ Kh7 37. Rxg7+ Kh6 38. Rh8# 1-0


[Site "https://www.chess.com"]

[Event "Titled Tuesday Blitz June 6 Late 2023"]
[White "Stachanczyk, Jacek"]
[Black "Kornyukov, Alexey"]
[WhiteFideId "1116657"]
[BlackFideId "4150457"]
[WhiteElo "2084"]
[BlackElo "2352"]
[Result "0-1"]
[Round "11"]
[TimeControl "180+2"]
[Date "2023.06.07"]
[WhiteClock "0:00:29"]
[BlackClock "0:01:07"]
[Board "92"]

1. e4 c5 2. Nf3 Nc6 3. d4 cxd4 4. Nxd4 Nf6 5. Nc3 e5 6. Ndb5 d6 7. Bg5 a6 8. Na3 b5 9. Nd5 Be7 10. Bxf6 Bxf6 11. c3 O-O 12. Nc2 Bg5 13. a4 bxa4 14. Rxa4 a5 15. Bc4 Kh8 16. O-O f5 17. exf5 Rb8 18. b4 Bxf5 19. b5 Na7 20. b6 Nc8 21. Rxa5 Nxb6 22. Bd3 Nc4 23. Bxf5 Qxa5 24. Bd3 Nb2 0-1


[Site "https://www.chess.com"]

[Event "Titled Tuesday Blitz June 6 Late 2023"]
[White "Torres Dominguez, David"]
[Black "Shapiro, Daniel"]
[WhiteFideId "2220857"]
[BlackFideId "2001780"]
[WhiteElo "1999"]
[BlackElo "2342"]
[Result "0-1"]
[Round "11"]
[TimeControl "180+2"]
[Date "2023.06.07"]
[WhiteClock "0:00:34"]
[BlackClock "0:00:19"]
[Board "93"]

1. e4 c5 2. Nc3 a6 3. f4 b5 4. Nf3 Bb7 5. d3 e6 6. Be2 Ne7 7. O-O g6 8. Qe1 Bg7 9. e5 d5 10. exd6 Qxd6 11. Ne4 Qc7 12. Be3 Nd7 13. c3 O-O 14. Kh1 Nd5 15. Bd2 Nxf4 16. Nfg5 Nxe2 17. Qxe2 h6 18. Nh3 f5 19. Ng3 e5 20. Rae1 Rae8 21. Bc1 c4 22. dxc4 Qxc4 23. Qf2 Qxa2 24. Qa7 Qd5 25. Qf2 Nf6 26. Rd1 Qc6 27. Rd2 Ng4 28. Qe2 Kh7 29. Rfd1 Re6 30. Rd7 e4 31. Nf4 e3 32. Nxe6 Nf2+ 33. Kg1 Qxg2# 0-1


[Site "https://www.chess.com"]

[Event "Titled Tuesday Blitz June 6 Late 2023"]
[White "Sanchez, Robert"]
[Black "Celestino, Rafael Teixeira"]
[WhiteFideId "2034360"]
[BlackFideId "2108925"]
[WhiteElo "1890"]
[BlackElo "2300"]
[Result "1-0"]
[Round "11"]
[TimeControl "180+2"]
[Date "2023.06.07"]
[WhiteClock "0:00:46"]
[BlackClock "0:01:50"]
[Board "94"]

1. e4 e5 2. Nf3 Nc6 3. Bb5 a6 4. Ba4 b5 5. Bb3 Nf6 6. O-O Bc5 7. c3 O-O 8. d4 exd4 9. cxd4 Bb6 10. e5 Ne4 11. Bd5 Nxf2 12. Rxf2 Bb7 13. Be4 d5 14. Bxh7+ Kh8 15. Be3 f6 16. Bg6 fxe5 17. Ng5 Kg8 18. Bh7+ Kh8 19. Qh5 Qxg5 20. Bxg5 Rxf2 21. Bg6+ Kg8 22. Qh7+ Kf8 23. Qh8# 1-0


[Site "https://www.chess.com"]

[Event "Titled Tuesday Blitz June 6 Late 2023"]
[White "Magallanes, Rey Jomar"]
[Black "dorpato"]
[WhiteFideId "5205948"]
[WhiteElo "2272"]
[BlackElo "2072"]
[Result "1-0"]
[Round "11"]
[TimeControl "180+2"]
[Date "2023.06.07"]
[WhiteClock "0:02:05"]
[BlackClock "0:00:01"]
[Board "95"]

1. e4 c5 2. Nf3 d6 3. d4 cxd4 4. Nxd4 Nf6 5. Nc3 a6 6. Be2 e5 7. Nb3 Be7 8. O-O Be6 9. Qd3 O-O 10. Bd2 b5 11. Nd5 Bxd5 12. exd5 Nbd7 13. Na5 Nc5 14. Qf3 Nce4 15. Bb4 Ng5 16. Qd3 Ne8 17. Nc6 Qd7 18. h4 Ne6 19. dxe6 Qxc6 20. Bf3 Qc8 21. exf7+ Rxf7 22. Bd5 Nf6 23. Bxf7+ Kxf7 24. Bxd6 Bxd6 25. Qxd6 Qxc2 26. Rac1 Qf5 27. Rc7+ Kg6 28. Qe7 Rg8 29. Qc5 Kh5 30. Qe3 Ng4 31. Qg5+ Qxg5 32. hxg5 Kxg5 33. Ra7 e4 34. Rxa6 e3 35. fxe3 Nxe3 36. Re1 Nc4 37. b3 Nd2 38. Rb6 Rc8 39. Rxb5+ Kf4 40. Rb4+ Kg3 41. Re3+ Nf3+ 42. Rxf3# 1-0


[Site "https://www.chess.com"]

[Event "Titled Tuesday Blitz June 6 Late 2023"]
[White "Brown, Raehanna"]
[Black "Sarkar, Justin"]
[WhiteFideId "7402740"]
[BlackFideId "2010011"]
[WhiteElo "1655"]
[BlackElo "2151"]
[Result "0-1"]
[Round "11"]
[TimeControl "180+2"]
[Date "2023.06.07"]
[WhiteClock "0:00:07"]
[BlackClock "0:00:10"]
[Board "96"]

1. c4 Na6 2. Nc3 c6 3. e4 e5 4. Nf3 Qa5 5. d3 Nf6 6. Bd2 Qc7 7. Be2 Nc5 8. O-O a5 9. a3 Be7 10. Be3 Ng4 11. b4 Nxe3 12. fxe3 Ne6 13. c5 d6 14. cxd6 Bxd6 15. b5 O-O 16. a4 Qb6 17. d4 exd4 18. exd4 Nxd4 19. Nxd4 Bc5 20. Kh1 Bxd4 21. Rc1 Be6 22. Bd3 Rad8 23. Ne2 Be3 24. Rb1 Bc4 25. Bxc4 Rxd1 26. Rbxd1 cxb5 27. Bxb5 Rd8 28. Ng3 Rxd1 29. Rxd1 g6 30. Rf1 Qe6 31. Rf3 Bd2 32. Rd3 Bf4 33. Rd8+ Kg7 34. Bd3 Bxg3 35. hxg3 h5 36. Rd5 Qf6 37. Rxa5 Qf2 38. Kh2 h4 39. gxh4 Qxh4+ 40. Kg1 Qe1+ 41. Kh2 Qxa5 0-1


[Site "https://www.chess.com"]

[Event "Titled Tuesday Blitz June 6 Late 2023"]
[White "Tarnowska, Aleksandra"]
[Black "Ricaurte Lopez, Juan Carlos"]
[WhiteFideId "1180967"]
[BlackFideId "3600327"]
[WhiteElo "1776"]
[BlackElo "2200"]
[Result "1-0"]
[Round "11"]
[TimeControl "180+2"]
[Date "2023.06.07"]
[WhiteClock "0:00:22"]
[BlackClock "0:00:01"]
[Board "97"]

1. e4 e5 2. Nf3 Nf6 3. Nxe5 d6 4. Nf3 Nxe4 5. c3 d5 6. d3 Nf6 7. d4 Bd6 8. Bd3 O-O 9. O-O Bg4 10. h3 Bh5 11. Bg5 h6 12. Bh4 g5 13. Bg3 Ne4 14. Bxd6 Qxd6 15. Nbd2 f5 16. Qb3 Rf7 17. Qxb7 Qc6 18. Qxc6 Nxc6 19. Bb5 Nd8 20. Nxe4 fxe4 21. Ne5 Rf6 22. a4 Nf7 23. Nxf7 Kxf7 24. b4 a5 25. g4 Bg6 26. Kg2 Rb6 27. f4 gxf4 28. Rxf4+ Ke6 29. Raf1 Ke7 30. bxa5 Rxa5 31. h4 Re6 32. h5 Be8 33. Rf5 Bxb5 34. axb5 Rxb5 35. Rf7+ Kd6 36. Rh7 Rb2+ 37. Kg3 e3 38. Rff7 1-0


[Site "https://www.chess.com"]

[Event "Titled Tuesday Blitz June 6 Late 2023"]
[White "Miller, Ike S"]
[Black "Hartikainen, Jarmo"]
[WhiteFideId "2022532"]
[BlackFideId "503134"]
[WhiteElo "2111"]
[BlackElo "2123"]
[Result "0-1"]
[Round "11"]
[TimeControl "180+2"]
[Date "2023.06.07"]
[WhiteClock "0:00:07"]
[BlackClock "0:00:15"]
[Board "98"]

1. d4 Nf6 2. c4 g6 3. Nc3 d5 4. cxd5 Nxd5 5. Na4 Bg7 6. e4 Nb6 7. Be3 O-O 8. Be2 Nc6 9. Nf3 Bg4 10. d5 Nxa4 11. Qxa4 Bxb2 12. Rb1 Bc3+ 13. Kf1 Ne5 14. Nxe5 Bxe2+ 15. Kxe2 Bxe5 16. Rxb7 f5 17. Rd1 fxe4 18. Qxe4 Qd6 19. Qc4 Bxh2 20. Bc5 Qe5+ 21. Kf1 Bg3 22. d6+ e6 23. Re1 Qf5 24. Qxe6+ Qxe6 25. Rxe6 cxd6 26. Bxd6 Rxf2+ 27. Kg1 Rf7 28. Rxf7 Kxf7 29. Re7+ Kf6 0-1


[Site "https://www.chess.com"]

[Event "Titled Tuesday Blitz June 6 Late 2023"]
[White "Vargas, Mauricio"]
[Black "Howell, David W L"]
[WhiteFideId "4404572"]
[BlackFideId "410608"]
[WhiteElo "1986"]
[BlackElo "2567"]
[Result "0-1"]
[Round "11"]
[TimeControl "180+2"]
[Date "2023.06.07"]
[WhiteClock "0:00:25"]
[BlackClock "0:00:13"]
[Board "99"]

1. e4 d5 2. e5 c5 3. f4 Nc6 4. Nf3 Nh6 5. Bb5 Bd7 6. Bxc6 Bxc6 7. e6 fxe6 8. Ne5 g6 9. O-O Bg7 10. Qe1 Qd6 11. Qg3 O-O 12. d3 Nf7 13. Nf3 e5 14. Nc3 exf4 15. Bxf4 e5 16. Bd2 Rae8 17. Rae1 e4 18. Bf4 Qd8 19. dxe4 dxe4 20. Ng5 Nxg5 21. Bxg5 Qb6 22. Rb1 Rxf1+ 23. Kxf1 e3 24. Ne2 Bb5 25. Qg4 Qa6 26. Re1 Qxa2 27. Kg1 Qxb2 28. Nf4 Qxc2 29. Nd5 Qf2+ 30. Kh1 Qxe1# 0-1


[Site "https://www.chess.com"]

[Event "Titled Tuesday Blitz June 6 Late 2023"]
[White "Figorito, Nick"]
[Black "NtcPou"]
[WhiteFideId "30923689"]
[WhiteElo "2316"]
[BlackElo "2043"]
[Result "0-1"]
[Round "11"]
[TimeControl "180+2"]
[Date "2023.06.07"]
[WhiteClock "0:00:10"]
[BlackClock "0:00:06"]
[Board "100"]

1. Nf3 Nf6 2. g3 d5 3. Bg2 c6 4. O-O Bf5 5. d4 e6 6. Nbd2 Ne4 7. Nxe4 Bxe4 8. Bf4 Nd7 9. c3 Nf6 10. Qb3 Qb6 11. Nd2 Bxg2 12. Kxg2 Be7 13. Bg5 h6 14. Bxf6 Bxf6 15. Qxb6 axb6 16. e4 b5 17. exd5 exd5 18. a3 O-O 19. Rfe1 Rfe8 20. f3 b6 21. Nb3 Kf8 22. Kf2 g5 23. Rxe8+ Kxe8 24. Re1+ Kd7 25. g4 Re8 26. Rxe8 Kxe8 27. Ke3 Kd7 28. h3 Kd6 29. Kd3 c5 30. Nd2 Ke6 31. Nf1 Be7 32. Ne3 Bd6 33. Nf5 h5 34. Ng7+ Kf6 35. Nxh5+ Kg6 36. Ke3 Bh2 37. f4 cxd4+ 38. cxd4 Bg1+ 39. Kf3 Bxd4 40. f5+ Kh7 41. b3 Bb2 42. a4 bxa4 43. bxa4 Bd4 44. Ke2 Be5 45. Kd3 Kg8 46. Ke3 Kf8 47. Kd3 Ke7 48. Ke3 Kd6 49. Kd3 Kc5 50. f6 Kb4 51. Ng7 Kxa4 52. Nf5 b5 53. h4 gxh4 54. Nxh4 b4 55. g5 b3 56. Nf3 Ka3 57. Nxe5 Ka2 58. Nc6 b2 59. Nb4+ Kb3 60. Nxd5 b1=Q+ 61. Kd4 Qd1+ 62. Ke5 Qe2+ 63. Kf5 Qe6+ 64. Kf4 Qxd5 65. Kg4 Qe6+ 66. Kh5 Qf5 67. Kh4 Qg6 68. Kg4 Kc4 69. Kf4 Kd5 70. Kg4 Ke5 71. Kh4 Kf4 72. Kh3 Qxg5 73. Kh2 Kf3 74. Kh1 Qg2# 0-1